 Dungeon Crawl Stone Soup version 0.19-a0-1022-g07f772b (webtiles) character file.

57 Musica the Caller (level 4, -4/24 HPs)
             Began as a Tengu Summoner on July 28, 2016.
             Slain by a gnoll
             ... wielding a +0 spear
              (6 damage)
             ... on level 3 of the Dungeon.
             The game lasted 00:09:18 (2534 turns).

Musica the Caller (Tengu Summoner)                  Turns: 2534, Time: 00:09:19

Health: -4/24      AC:  2    Str:  8    XL:     4   Next: 0%
Magic:  2/9        EV: 13    Int: 16    God:
Gold:   129        SH:  0    Dex: 15    Spells: 2 memorised, 6 levels left

rFire  . . .     SeeInvis .     q - +0 morningstar
rCold  . . .     Gourm    .     a - +0 robe
rNeg   . . .     Faith    .     (no shield)
rPois  .         Spirit   .     (helmet restricted)
rElec  .         Dismiss  .     (no cloak)
rCorr  .         Reflect  .     (no gloves)
SustAt .         Harm     .     (boots unavailable)
MR     .....                    (no amulet)
Stlth  ++........               (no ring)
                                (no ring)

@: not resistant to hostile enchantments, unstealthy
A: beak, talons 3, sense surroundings 1
a: no special abilities


You were on level 3 of the Dungeon.
You were not hungry.

You visited 1 branch of the dungeon, and saw 4 of its levels.

You collected 129 gold pieces.

Inventory:

Hand Weapons
 l - a +0 dagger
 n - a +0 mace
 q - a +0 morningstar (weapon)
Armour
 a - a +0 robe (worn)
Scrolls
 e - a scroll of remove curse
 g - 2 scrolls of recharging {unknown}
 j - a scroll of teleportation {unknown}
 k - a scroll of identify {unknown}
 o - 3 scrolls of magic mapping {unknown}
 p - a scroll of blinking {unknown}
 t - 3 scrolls of fear {unknown}
Potions
 f - 2 potions of haste {unknown}
 h - a potion of curing
 i - a potion of might {unknown}
Books
 b - a book of Callings

   Spells                             Type                      Level
   a - Summon Small Mammal            Summoning                    1
   b - Call Imp                       Summoning                    2
   c - Call Canine Familiar           Summoning                    3
   d - Summon Guardian Golem          Hexes/Summoning              3
   e - Summon Lightning Spire         Summoning/Air                4
   f - Summon Ice Beast               Ice/Summoning                4
Comestibles
 c - 2 bread rations
 d - a slice of pizza
 m - 2 meat rations


   Skills:
 + Level 0.7 Maces & Flails
 - Level 2.1 Dodging
 - Level 2.0 Stealth
 + Level 3.0 Spellcasting
 + Level 5.6 Summonings


You had 6 spell levels left.
You knew the following spells:

 Your Spells              Type           Power        Failure   Level  Hunger
a - Summon Small Mammal   Summ           ###.         1%          1    #......
b - Call Imp              Summ           ###.....     3%          2    ##.....


Dungeon Overview and Level Annotations

Branches:
Dungeon (4/15)
 Temple: D:4-7

Altars:
Pakellas
Qazlal


Innate Abilities, Weirdness & Mutations

You have a beak for a mouth.
You have claws for feet.
You passively map a small area around you.


Message History

Confirm with . or Enter, or press ? or * to list all spells.
A beastly little devil appears in a puff of flame.
Your white imp hits the gnoll.
Your white imp freezes the gnoll.
Your white imp hits the gnoll.
Your white imp freezes the gnoll.
Casting: Call Imp
Confirm with . or Enter, or press ? or * to list all spells.
A shadowy apparition takes form in the air.
Your crimson imp hits the gnoll.
The gnoll closely misses your crimson imp.
The giant newt bites you.
* * * LOW HITPOINT WARNING * * *
The gnoll hits you from afar with a spear.
* * * LOW HITPOINT WARNING * * *
Your white imp gestures at the giant newt.
The puff of frost hits the gnoll.
Your crimson imp hits the gnoll but does no damage.
The giant newt closely misses you.
The gnoll barely misses your crimson imp.
The gnoll hits you from afar with a spear.
You die...

....... .......## , .##.###
*,.#......# , ....#.#
,#####......# ......#
...........# *
.####.#######.....5.# #........
.#.>..#.....'.......# ........
.#....#.#####...ggg.# * .......
.#....#.# #...5l..##### ,......
.#.####.# #...@.......#, .....
.#......# ###.#........, #....
##...###♣♣ *#..#5....... #....
♣♣.......♣P ♣...♣.♣♣+##.. * #....
...♣...♣P.*...P♣.♣♣.. ♣.# #..).
......... ....♣.♣P♣P♣ ♣.♣♣###....
........###.......♣.♣♣.♣....#....
P.......# +...#*#...♣.♣♣♣........
#'#.....###...+,#.....P♣.♣♣.P....


You could see 3 gnolls, a giant newt, a friendly crimson imp, a friendly white
imp and a friendly shadow imp.

Vanquished Creatures
  2 orcs (D:3)
  3 goblins
  2 kobolds (D:2)
  A quokka (D:2)
  2 bats (D:2)
  2 giant newts
  8 rats
20 creatures vanquished.

Vanquished Creatures (collateral kills)
  A gnoll (D:3)
  3 adders
  A worm (D:3)
  A dart slug (D:3)
  3 orcs (D:3)
  A giant cockroach (D:1)
  2 goblins
  A hobgoblin (D:3)
  2 quokkas (D:3)
  A bat (D:2)
  2 giant newts (D:1)
  2 kobolds
  A rat (D:2)
21 creatures vanquished.

Grand Total: 41 creatures vanquished

Notes
Turn   | Place    | Note
-------+----------+-------------------------------------------
     0 | D:1      | Musica the Tengu Summoner began the quest for the Orb.
     0 | D:1      | Reached XP level 1. HP: 10/10 MP: 4/4
   258 | D:1      | Reached skill level 5 in Summonings
   748 | D:2      | Reached XP level 2. HP: 11/15 MP: 6/6
   752 | D:2      | Learned a level 2 spell: Call Imp
  1049 | D:2      | Found a stormy altar of Qazlal.
  1051 | D:2      | Noticed an air elemental
  1052 | D:2      | Noticed a water elemental
  1052 | D:2      | Noticed a fire elemental
  1052 | D:2      | Noticed an earth elemental
  1163 | D:2      | Gained mutation: You passively map a small area around you. [potion of beneficial mutation]
  1339 | D:2      | Found an oddly glowing altar of Pakellas.
  1513 | D:3      | Reached XP level 3. HP: 19/19 MP: 8/8
  2529 | D:3      | Reached XP level 4. HP: 9/24 MP: 6/9
  2534 | D:3      | Slain by a gnoll

Vault maps used:
D:1:      dpeg_arrival_arbitrary_a, serial_glass, glass_columns_a,
          glass_columns_a, glass_columns_c, glass_columns_c, glass_columns_a,
          glass_columns_a
D:2:      grunt_pakellas_basics, nicolae_qazlal_style_of_elements
D:3:      wad_woods_settlement
D:4:      serial_bayou_pond_a

Skill      XL: |  1  2  3 |
---------------+----------+-----
Summonings     | 5 |  5.6
Spellcasting   | 3 |  3.0
Maces & Flails | |  0.7
Dodging        | |  2.1
Stealth        | |  2.0

Action                   |  1- 3 |  4- 6 || total
-------------------------+-------+-------++-------
Melee: Dagger            |     9 |       ||     9
       Unarmed           |     4 |       ||     4
       Kick              |    11 |       ||    11
       Whip              |     1 |       ||     1
       Mace              |    28 |       ||    28
       Peck              |     6 |       ||     6
       Morningstar       |    31 |       ||    31
 Cast: Summon Small Mamm |    11 |       ||    11
       Call Imp          |    24 |     2 ||    26
  Use: Scroll            |     2 |       ||     2
       Potion            |     2 |       ||     2
 Stab: Sleeping          |     5 |       ||     5
  Eat: Fruit             |     2 |       ||     2
       Chunk             |     4 |       ||     4
       Beef jerky        |     1 |       ||     1
Armor: Robe              |    15 |       ||    15
Dodge: Dodged            |    70 |     1 ||    71
